 Dungeon Crawl Stone Soup version 0.28.0-1-gb440e238dd (webtiles) character file.

Game seed: 2239894801917451732

63 mcwallace the Ducker (level 4, -4/41 HPs)
             Began as a Gnoll Monk on Feb 20, 2022.
             Slain by an ogre (7 damage)
             ... on level 2 of the Dungeon.
             The game lasted 00:01:57 (1509 turns).

mcwallace the Ducker (Gnoll Monk)                   Turns: 1509, Time: 00:01:58

Health: -4/41      AC:  2    Str: 10    XL:     4   Next: 9%
Magic:  5/5        EV: 15    Int: 11    God:
Gold:   50         SH:  0    Dex: 15    Spells: 5/5 levels left

rFire   . . .      SeeInvis .   a - +0 hand axe {axe}
rCold   . . .      Faith    .   (no shield)
rNeg    . . .      Spirit   .   b - +0 robe
rPois   .          Reflect  .   (no helmet)
rElec   .          Harm     .   (no cloak)
rCorr   .          Rampage  .   (no gloves)
Will    .....                   (no boots)
Stlth   +++.......              (no amulet)
HPRegen 0.13/turn               (no ring)
MPRegen 0.09/turn               (no ring)

@: lethally poisoned (-4 -> -7), attractive
A: fangs 1, strong nose, distributed training
a: no special abilities


You were on level 2 of the Dungeon.
You visited 1 branch of the dungeon, and saw 2 of its levels.

You collected 50 gold pieces.


Innate Abilities, Weirdness & Mutations

You have very sharp teeth.
Your uncanny sense of smell can sniff out nearby items.
Your experience applies equally to all skills.


   Skills:
 + Level 6.6 Fighting
 + Level 1.0 Short Blades
 + Level 1.0 Long Blades
 + Level 6.6 Axes
 + Level 1.0 Maces & Flails
 + Level 1.0 Polearms
 + Level 1.0 Staves
 + Level 1.0 Slings
 + Level 1.0 Bows
 + Level 1.0 Crossbows
 + Level 1.0 Throwing
 + Level 1.0 Armour
 + Level 6.6 Dodging
 + Level 4.2 Stealth
 + Level 1.0 Shields
 + Level 1.0 Unarmed Combat
 + Level 1.0 Spellcasting
 + Level 0.8 Conjurations
 + Level 0.8 Hexes
 + Level 0.8 Summonings
 + Level 0.8 Necromancy
 + Level 0.8 Translocations
 + Level 0.8 Transmutations
 + Level 0.8 Fire Magic
 + Level 0.8 Ice Magic
 + Level 0.8 Air Magic
 + Level 0.8 Earth Magic
 + Level 0.8 Poison Magic
 + Level 1.1 Invocations
 + Level 1.0 Evocations


You had 5 spell levels left.
You didn't know any spells.
Your spell library contained the following spells:

 Spells                   Type           Power      Damage    Failure   Level
 Borgnjor's Revivificati  Necr           1%         N/A       100%        8
 Necromutation            Tmut/Necr      1%         N/A       100%        8
 Death's Door             Necr           1%         N/A       100%        9

Inventory:

Hand Weapons
 a - a +0 hand axe (weapon) {axe}
 c - a +1 dagger of speed {short}
   (You took it off a goblin on level 1 of the Dungeon)
Missiles
 e - 29 stones (quivered) {throwing}
 h - 2 curare-tipped darts {=fthrowing}
Armour
 b - a +0 robe (worn)
Scrolls
 d - 5 scrolls of immolation {unknown}
 f - a scroll of identify {unknown}
 g - a scroll of blinking {unknown}
 i - a scroll of fog {unknown}
 j - a scroll of vulnerability {unknown}

Dungeon Overview and Level Annotations

Branches:
Dungeon (2/15)

Altars:

#. #####.# .##.### ......#
?......#### .....?.
..........# .....
.#.........##..##..#
.....J..............
##.............#.....
>......(..O......#..
.>.......@......##
#.....!.....<##..#
#..##........###.(.
########..##............#..
.......#..##...............
.......#..##........##..
.....)รท.........##### #.
......รท....##.###
....รท.รท.##.#..#


You could see an ogre and an endoplasm.


Message History

Your Crossbows skill increases to level 1!
Your Throwing skill increases to level 1!
Your Armour skill increases to level 1!
Your Shields skill increases to level 1!
Your Unarmed Combat skill increases to level 1!
Your Spellcasting skill increases to level 1!
Your Evocations skill increases to level 1! ๐Ÿ˜• HP[+1]
You see here a worm corpse.
You now have 45 gold pieces (gained 11).
Things that are here:
a +0 club {mace}; a jackal skeleton; a goblin skeleton ๐Ÿ˜Ž HP[+2]
Your hp is fully restored (35).
You see here a hobgoblin skeleton.
You now have 50 gold pieces (gained 5).
A bat comes into view.
A bat is nearby!
Found a stone staircase leading up.
The bat misses you. The bat hits you but does no damage.
The bat closely misses you. The bat closely misses you.
You hit the bat.
You kill the bat!
No target in view!
No target in view!
No target in view!
No target in view!
No target in view!
An adder comes into view.
You see here a red potion.
An adder is nearby!
An adder is nearby!
An adder is nearby!
An adder is nearby!
An adder is nearby!
Unknown command.
The adder hisses angrily.
The adder closely misses you.
You hit the adder. The adder closely misses you.
You closely miss the adder. The adder bites you. ๐Ÿ˜• HP[-5]
You take 5 damage, and now have 30/35 hp.
You closely miss the adder. The adder closely misses you. The adder misses you.
You hit the adder. The adder completely misses you.
You miss the adder. Your punch misses the adder.
An ogre comes into view. It is wielding a +0 giant club.
The adder misses you.
You hit the adder but do no damage.
The adder closely misses you. ๐Ÿ˜• HP[+1]
You hit the adder. Your punch misses the adder. The adder closely misses you.
The adder completely misses you.
You hit the adder. The adder bites you.
You are poisoned.
The adder poisons you! ๐Ÿ˜• HP[-1]
You take 1 damage, and now have 30/35 hp.
You feel sick. ๐Ÿ˜• HP[-2]
You take 2 damage, and now have 28/35 hp.
You feel sick. The adder bites you. ๐Ÿ˜ฎ HP[-5]
You take 5 damage, and now have 23/35 hp.
You feel sick.
You see here a red potion. ๐Ÿ˜ฎ HP[-1]
You take 1 damage, and now have 22/35 hp.
You closely miss the adder.
You feel sick. The adder bites you.
You are more poisoned.
The adder poisons you! ๐Ÿ˜ฎ HP[-2]
You take 2 damage, and now have 20/35 hp.
You completely miss the adder. You hit the ogre but do no damage.
You feel sick.
An endoplasm comes into view.
The adder bites you.
* * * LOW HITPOINT WARNING * * *
๐Ÿ˜จ HP[-3]
You take 3 damage, and now have 17/35 hp.
You barely miss the adder.
The endoplasm quivers.
You hit the ogre.
You feel sick. The ogre misses you. The adder misses you. ๐Ÿ˜จ HP[-2]
You take 2 damage, and now have 15/35 hp.
You hit the adder.
You kill the adder!
You hit the ogre.
You feel sick. The ogre hits you with a +0 giant club!
* * * LOW HITPOINT WARNING * * *
You have reached level 4!
You feel agile. ๐Ÿ˜ฑ HP[-11] MP[+1]
You now have 41 max hp (+6).
You take 11 damage, and now have 4/41 hp.
MASSIVE DAMAGE!! (PAUSE)
Your mp is fully restored (5).
It was a potion of attraction.
You feel attractive to monsters.
* * * LOW HITPOINT WARNING * * *
You feel sick. The ogre hits you with a +0 giant club!
You die...

Skill      XL: |  1  2  3 |
---------------+----------+-----
Invocations    | 1 |  1.1
Short Blades   | 1 |  1.0
Long Blades    | 1 |  1.0
Maces & Flails | 1 |  1.0
Polearms       | 1 |  1.0
Staves         | 1 |  1.0
Slings         | 1 |  1.0
Bows           | 1 |  1.0
Crossbows      | 1 |  1.0
Throwing       | 1 |  1.0
Armour         | 1 |  1.0
Shields        | 1 |  1.0
Unarmed Combat | 1 |  1.0
Spellcasting   | 1 |  1.0
Evocations     | 1 |  1.0
Fighting       | |  6.6
Axes           | |  6.6
Dodging        | |  6.6
Stealth        | |  4.2
Conjurations   | |  0.8
Hexes          | |  0.8
Summonings     | |  0.8
Necromancy     | |  0.8
Translocations | |  0.8
Transmutations | |  0.8
Fire Magic     | |  0.8
Ice Magic      | |  0.8
Air Magic      | |  0.8
Earth Magic    | |  0.8
Poison Magic   | |  0.8

Action                   |  1- 3 |  4- 6 || total
-------------------------+-------+-------++-------
Melee: Hand axe          |   141 |       ||   141
       Bite              |     9 |       ||     9
       Punch             |     1 |       ||     1
  Use: Potion            |       |     1 ||     1
 Stab: Sleeping          |     7 |       ||     7
Armor: Robe              |    18 |       ||    18
Dodge: Dodged            |   110 |       ||   110

Levels and vault maps discovered:
D:1:      psy_arrival_spokes, layout_basic, hellmonk_ecumenical_altar_crossroads
D:2:      layout_rooms, uniq_jessica

Notes
Turn   | Place    | Note
-------+----------+-------------------------------------------
     0 | D:1      | mcwallace the Gnoll Monk began the quest for the Orb.
     0 | D:1      | Reached XP level 1. HP: 23/23 MP: 1/1
     0 | D:1      | magus.rc [v1.9.6]
   240 | D:1      | Reached XP level 2. HP: 23/29 MP: 2/2
   591 | D:1      | Reached XP level 3. HP: 35/35 MP: 3/3
   594 | D:1      | You add the spells Borgnjor's Revivification, Necromutation
                  | and Death's Door to your library.
   745 | D:1      | Found a faded altar of an unknown god.
  1006 | D:1      | Reached skill level 1 in Invocations
  1136 | D:2      | HP: 2/35 [worm (9)]
  1445 | D:2      | Reached skill level 1 in Short Blades
  1445 | D:2      | Reached skill level 1 in Long Blades
  1445 | D:2      | Reached skill level 1 in Maces & Flails
  1445 | D:2      | Reached skill level 1 in Polearms
  1445 | D:2      | Reached skill level 1 in Staves
  1445 | D:2      | Reached skill level 1 in Slings
  1445 | D:2      | Reached skill level 1 in Bows
  1445 | D:2      | Reached skill level 1 in Crossbows
  1445 | D:2      | Reached skill level 1 in Throwing
  1445 | D:2      | Reached skill level 1 in Armour
  1445 | D:2      | Reached skill level 1 in Shields
  1445 | D:2      | Reached skill level 1 in Unarmed Combat
  1445 | D:2      | Reached skill level 1 in Spellcasting
  1445 | D:2      | Reached skill level 1 in Evocations
  1498 | D:2      | Noticed an ogre
  1508 | D:2      | HP: 4/35 [ogre (11)]
  1509 | D:2      | Reached XP level 4. HP: 4/41 MP: 5/5
  1509 | D:2      | Slain by an ogre

Vanquished Creatures
  An adder (D:2)
  A worm (D:2)
  A dart slug (D:1)
  7 endoplasms
  5 goblins
  3 hobgoblins
  7 jackals
  3 quokkas (D:1)
  2 ball pythons (D:1)
  2 bats
  4 frilled lizards (D:1)
  3 kobolds (D:1)
  6 rats
45 creatures vanquished.

Table legend:
 A = Non-vault XP
 B = Vault XP
 C = Vault XP percentage of total XP
 D = Non-vault monster count
 E = Vault monster count
 F = Vault count percentage of total count
                 A         B        C        D         E       F
            +---------+---------+-------+---------+---------+-------
      Total |      90 |       0 |   0.0 |      45 |       0 |   0.0
            +---------+---------+-------+---------+---------+-------
        D:1 |      56 |       0 |   0.0 |      35 |       0 |   0.0
        D:2 |      34 |       0 |   0.0 |      10 |       0 |   0.0
            +---------+---------+-------+---------+---------+-------

Illustrated notes

Table legend:
 A = Kills in this place as a percentage of kills in entire the game.
 B = Kills by you in this place as a percentage of kills by you in the entire game.
 C = Kills by friends in this place as a percentage of kills by friends in the entire game.
 D = Other kills in this place as a percentage of other kills in the entire game.
 E = Experience gained in this place as a percentage of experience gained in the entire game.
 F = Experience gained in this place divided by the number of levels of this place that you have seen.
                   A       B       C       D       E      F
               +-------+-------+-------+-------+-------+----------------------
         Total | 100.0 | 100.0 |   N/A |   N/A | 100.0 |  45.0
       Dungeon | 100.0 | 100.0 |   N/A |   N/A | 100.0 |  45.0
               +-------+-------+-------+-------+-------+----------------------

Table legend: (Time is in decaauts)
 A = Elapsed time spent in this place.
 B = Non-inter-level travel time spent in this place.
 C = Inter-level travel time spent in this place.
 D = Time resting spent in this place.
 E = Time spent auto-exploring this place.
 F = Levels seen in this place.
 G = Mean time per level.
                   A        B        C        D        E       F      G
               +--------+--------+--------+--------+--------+-----+--------+
         Total |   1505 |   1461 |     44 |    287 |    863 |   2 |  752.5 |
       Dungeon |   1505 |   1461 |     44 |    287 |    863 |   2 |  752.5 |
               +--------+--------+--------+--------+--------+-----+--------+

Top non-repeatable levels by time:
     D:1: 1370 daAuts
     D:2: 134 daAuts
